 Dungeon Crawl Stone Soup version 0.27-a0-1202-ge72e49191c (webtiles) character file.

Game seed: 17404671445301071292

426029 Morbidden the Peltast (level 22, -5/211 HPs)
             Began as a Minotaur Fighter on June 1, 2021.
             Was a High Priest of Cheibriados.
             Slain by a vampire knight
             ... wielding a +0 glaive
              (13 damage)
             ... while paralysed by a vampire knight
             ... on level 3 of the Crypt on June 2, 2021.
             The game lasted 01:36:02 (49596 turns).

Morbidden the Peltast (Minotaur Fighter)           Turns: 49596, Time: 01:36:02

Health: -5/211     AC: 15    Str: 40    XL:     22   Next: 74%
Magic:  33/33      EV:  2    Int: 26    God:    Cheibriados [*****.]
Gold:   2062       SH:  0    Dex: 31    Spells: 33/37 levels left

rFire    . . .     SeeInvis .   b - +9 quick blade (elec)
rCold    . . .     Faith    .   c - +0 tower shield
rNeg     . . .     Spirit   .   Z - +3 robe of Clouds {+Thunder rCloud rElec}
rPois    .         Reflect  .   (helmet restricted)
rElec    +         Harm     .   t - +0 cloak
rCorr    .         Rampage  .   f - +4 pair of gloves "Bimusut" {Str+3 Dex+6}
Will     +....                  F - +1 pair of boots
Stlth    ++++++....             W - amulet of Vitality {Regen+ HP+15}
HPRegen  1.45/turn              w - ring of Balance {Fly Slay+4 Stlth+}
MPRegen  0.23/turn              B - +4 ring of slaying

@: paralysed, flying, very slow
A: horns 2, retaliatory headbutt
}: 2/15 runes: decaying, serpentine
a: Renounce Religion, Evoke Thunderclouds, Bend Time, Temporal Distortion,
Slouch, Step From Time


You were on level 3 of the Crypt.
You worshipped Cheibriados.
Cheibriados was extremely pleased with you.
You visited 9 branches of the dungeon, and saw 42 of its levels.
You visited the Abyss 2 times.
You also visited: Ice Cave, Volcano and Wizlab.

You collected 5952 gold pieces.
You spent 3890 gold pieces at shops.

Inventory:

Hand Weapons
 a - the +8 demon blade "Leech" {vamp, *Rage +Rage rN+}
   (You bought it in a shop on level 1 of the Elven Halls)

   It inflicts no extra harm, but heals its wielder when it wounds a living foe.
   It protects you from negative energy.
   It lets you go berserk.
   It may make you go berserk in combat.
 b - a +9 quick blade of electrocution (weapon)
 P - a +2 dagger of venom
 Q - a +2 vorpal double sword
 U - a +3 demon blade of flaming
Missiles
 o - 21 javelins
 z - 21 boomerangs (quivered)
 C - 14 curare-tipped darts
 D - 6 atropa-tipped darts
 G - 108 poisoned darts
 L - 4 throwing nets
Armour
 c - a +0 tower shield (worn)
 f - the +4 pair of gloves "Bimusut" (worn) {Str+3 Dex+6}
   (You found it on level 5 of the Dungeon)

   It affects your strength (+3).
   It affects your dexterity (+6).
 m - +0 swamp dragon scales
 t - a +0 cloak (worn)
 F - a +1 pair of boots (worn)
 X - +0 fire dragon scales
 Z - the +3 robe of Clouds (worn) {+Thunder rCloud rElec}
   (You took it off a Cloud Mage in a wizard's laboratory)

   It insulates you from electricity.
Jewellery
 w - the ring of Balance (left hand) {Fly Slay+4 Stlth+}
   (You found it in an ice cave)

   [ring of slaying]

   It affects your accuracy and damage with ranged weapons and melee attacks
   (+4).
   It grants you flight.
   It makes you more stealthy.
 y - the ring "Anedicy" {rF+ rC+}
   (You found it in an ice cave)

   [ring of protection from cold]

   It protects you from fire.
   It protects you from cold.
 B - a +4 ring of slaying (right hand)
 W - the amulet of Vitality (around neck) {Regen+ HP+15}
   (You bought it in a shop on level 2 of the Orcish Mines)

   [amulet of regeneration]

   It affects your health (+15).
   It increases your rate of health regeneration.
Wands
 p - a wand of paralysis (5)
 u - a wand of mindburst (73)
 v - a wand of iceblast (32)
 O - a wand of digging (10)
 R - a wand of acid (30)
 T - a wand of flame (60)
Scrolls
 h - 11 scrolls of amnesia
 j - 16 scrolls of teleportation
 k - 14 scrolls of identify
 n - 3 scrolls of enchant weapon
 r - 3 scrolls of silence
 E - 7 scrolls of enchant armour
 H - 9 scrolls of blinking
 I - 5 scrolls of magic mapping
 K - 7 scrolls of fear
 M - 5 scrolls of fog
 N - a scroll of summoning
Potions
 d - 5 potions of might
 i - 3 potions of mutation
 l - 5 potions of invisibility
 q - 6 potions of resistance
 s - 8 potions of curing
 x - 3 potions of ambrosia
 V - a potion of heal wounds
 Y - 3 potions of magic
Miscellaneous
 g - a lightning rod (4/4)
 J - a condenser vane
 S - a tin of tremorstones (2/2)


   Skills:
 * Level 16.4 Fighting
 + Level 13.2(15.9) Short Blades
 + Level 16.2(18.1) Long Blades
 + Level 4.4 Throwing
 + Level 12.6 Armour
 * Level 14.8 Dodging
 + Level 9.2 Stealth
 + Level 18.4 Shields
 * Level 8.4 Spellcasting
 * Level 9.2 Conjurations
 * Level 8.4 Necromancy
 - Level 13.0 Invocations
 * Level 9.8 Evocations


You had 33 spell levels left.
You knew the following spells:

 Your Spells              Type           Power      Damage    Failure   Level
a - Magic Dart            Conj           100%       1d8       1%          1
b - Vampiric Draining     Necr           26%        2d9       1%          3

Your spell library contained the following spells:

 Spells                   Type           Power      Damage    Failure   Level
 Animate Skeleton         Necr           100%       N/A       1%          1
 Foxfire                  Conj/Fire      100%       2x1d9     1%          1
 Pain                     Necr           100%       1d9       1%          1
 Shock                    Conj/Air       100%       1d9       1%          1
 Searing Ray              Conj           100%       3d7       1%          2
 Sublimation of Blood     Necr           26%        N/A       1%          2
 Corpse Rot               Necr/Air       N/A        N/A       3%          2
 Static Discharge         Conj/Air       35%        N/A       3%          2
 Animate Dead             Necr           26%        N/A       4%          4
 Dispel Undead            Necr           53%        3d19      4%          4
 Conjure Flame            Conj/Fire      35%        6-21      6%          3
 Dazzling Flash           Conj/Hex       70%        N/A       6%          3
 Stone Arrow              Conj/Erth      70%        3d11      6%          3
 Iskenderun's Battlesphe  Conj           56%        2d11      8%          5
 Mephitic Cloud           Conj/Pois/Air  27%        N/A       11%         3
 Agony                    Necr           53%        N/A       11%         5
 Excruciating Wounds      Necr           26%        N/A       11%         5
 Apportation              Tloc           20%        N/A       13%         1
 Beastly Appendage        Tmut           20%        N/A       13%         1
 Corona                   Hex            11%        N/A       13%         1
 Sting                    Tmut/Pois      40%        1d5       13%         1
 Summon Small Mammal      Summ           40%        N/A       13%         1
 Blink                    Tloc           N/A        N/A       19%         2
 Call Imp                 Summ           10%        N/A       19%         2
 Ensorcelled Hibernation  Hex/Ice        20%        N/A       19%         2
 Passwall                 Tmut/Erth      8%         N/A       19%         2
 Poisonous Vapours        Pois/Air       20%        N/A       19%         2
 Slow                     Hex            10%        N/A       19%         2
 Wereblood                Tmut           10%        N/A       19%         2
 Fulminant Prism          Conj/Hex       17%        3d11      19%         4
 Iskenderun's Mystic Bla  Conj/Tloc      35%        2d8       19%         4
 Confusing Touch          Hex            10%        N/A       36%         3
 Gell's Gravitas          Tloc           5%         N/A       36%         3
 Ignite Poison            Fire/Tmut/Pois 10%        N/A       36%         3
 Spider Form              Tmut/Pois      5%         N/A       36%         3
 Swiftness                Air            10%        N/A       36%         3
 Tukima's Dance           Hex            10%        N/A       36%         3
 Fireball                 Conj/Fire      17%        3d9       47%         5
 Lightning Bolt           Conj/Air       17%        1d32      47%         5
 Bolt of Magma            Conj/Fire/Erth 13%        4d8       69%         5
 Airstrike                Air            5%         N/A       77%         4
 Animate Armour           Summ/Erth      20%        N/A       77%         4
 Cause Fear               Hex            5%         N/A       77%         4
 Ice Form                 Ice/Tmut       10%        N/A       77%         4
 Olgreb's Toxic Radiance  Pois           10%        N/A       77%         4
 Petrify                  Tmut/Erth      10%        N/A       77%         4
 Summon Ice Beast         Ice/Summ       10%        N/A       77%         4
 Summon Lightning Spire   Summ/Air       10%        N/A       77%         4
 Orb of Destruction       Conj           28%        9d11      94%         7
 Conjure Ball Lightning   Conj/Air       17%        3x3d6     96%         6
 Iron Shot                Conj/Erth      17%        9d4       96%         6
 Starburst                Conj/Fire      17%        8x6d6     96%         6
 Hydra Form               Tmut           5%         N/A       98%         5
 Metabolic Englaciation   Hex/Ice        5%         N/A       98%         5
 Silence                  Hex/Air        5%         N/A       98%         5
 Summon Forest            Summ/Tloc      5%         N/A       98%         5
 Yara's Violent Unravell  Hex/Tmut       5%         3d4       98%         5
 Simulacrum               Ice/Necr       16%        N/A       98%         6
 Freezing Cloud           Conj/Ice/Air   13%        6-21      99%         6
 Dragon Form              Tmut           5%         N/A       100%        7
 Ozocubu's Refrigeration  Ice            5%         4d6       100%        7
 Spellforged Servitor     Conj/Summ      17%        N/A       100%        7
 Discord                  Hex            5%         N/A       100%        8
 Ignition                 Fire           5%         3d4       100%        8
 Dragon's Call            Summ           5%         N/A       100%        9
 Shatter                  Erth           5%         3d8*      100%        9
 Tornado                  Air            5%         N/A       100%        9


Dungeon Overview and Level Annotations

Branches:
Dungeon (15/15)            Temple (1/1) D:4            Lair (6/6) D:9
  Swamp (4/4) Lair:3        Snake (4/4) Lair:3        Slime (0/5) Lair:6
    Orc (2/2) D:12            Elf (3/3) Orc:2        Vaults (4/5) D:13
  Crypt (3/3) Vaults:2       Tomb (0/3) Crypt:3      Depths (0/5) D:15
  IceCv (visited)         Volcano (visited)          WizLab (visited)

Altars:
Ashenzari
Cheibriados
Dithmenos
Elyvilon
Fedhas
Hepliaklqana
Kikubaaqudgha
Makhleb
Nemelex Xobeh
Okawaru
Qazlal
Sif Muna
Uskayaw
Vehumet
Wu Jian
Xom
Yredelemnul
Zin
The Shining One
Beogh

Shops:
D:4 !   D:12 *   Orc:1 *(   Orc:2 [=:?   Elf:1 *   Elf:2 [   Elf:3 :
Snake:2 :   Snake:4 !   Vaults:2 [   Vaults:3 [   Vaults:4 [

Annotations:
D:11 3 runed translucent doors, xXDeathSunXx's ghost, journeyman DsFi
Lair:2 exclusion: 2 oklob plants
Lair:4 exclusion: oklob plant
Snake:1 3 runed translucent doors, passata's ghost, adept FoFi
Orc:2 3 runed translucent doors, triki's ghost, journeyman GnAM
Elf:2 3 runed translucent doors
Elf:3 1 exclusion


Innate Abilities, Weirdness & Mutations

You have a pair of horns on your head.
You reflexively headbutt those who attack you in melee.


Message History

You destroy the phantasmal warrior!
Cheibriados thoroughly appreciates the change of pace.
You block something's attack.
Unknown command.
You block something's attack. Something bites you but does no damage.
Something hits you. Something completely misses you.
You block something's attack. Something closely misses you.
You miss something. You headbutt something. Something misses you.
Something bites you but does no damage.
You impale something!! You headbutt something! You puncture something!
You headbutt something. Something completely misses you.
You block something's attack.
You hit something but do no damage. Lightning courses through something!
Something hits you!! Something bites you.
* * * LOW HITPOINT WARNING * * *
Something draws strength from your injuries!
You hit something but do no damage. You barely miss something.
You hear some strange, mumbled words.
You suddenly lose the ability to move!
Something hits you!!
* * * LOW HITPOINT WARNING * * *
Something bites you.
* * * LOW HITPOINT WARNING * * *
Something draws strength from your injuries!
Something hits you.
* * * LOW HITPOINT WARNING * * *
Something bites you.
* * * LOW HITPOINT WARNING * * *
Something draws strength from your injuries!
Something hits you!!
* * * LOW HITPOINT WARNING * * *
Something bites you.
* * * LOW HITPOINT WARNING * * *
Something draws strength from your injuries!
Something hits you.
* * * LOW HITPOINT WARNING * * *
Something bites you but does no damage. Something hits you!
You die...

################################.
.............................[.[)
...............)...........#.8.[.
...........................#.....
......#######.......########.8...
.....## ##.....## #..... ######
#.....# #.8... ##..)..## #.....
#...@...# #.8.8. .......{.......
#..... ................ #####.
................ #.
#######'''###### .. ..... 8.
...... .......


There were no monsters in sight!

Vanquished Creatures
  Mara (Swamp:4)
  Frederick (Vaults:3)
  Saint Roka (Orc:2)
  Bai Suzhen (Crypt:2)
  Jory (Vaults:3)
  A Cloud Mage (WizLab)
  Rupert (Lair:3)
  2 liches (Crypt:2)
  An ancient champion (Crypt:1)
  Gastronok (Lair:3)
  2 tentacled starspawn (Abyss:2)
  4 sphinxes
  Agnes (Snake:1)
  A thorn hunter (Swamp:2)
  3 revenants
  5 nagarajas
  Donald (Orc:2)
  An azure jelly (IceCv)
  2 orc warlords (Vaults:3)
  14 vault wardens
  A juggernaut zombie (Crypt:2)
  Louise (Snake:2)
  3 deep elf sorcerers
  A cacodemon (Abyss:2)
  A curse skull (Crypt:1)
  A balrug (Abyss:2)
  A stone giant (D:15)
  2 war gargoyles (Vaults:1)
  13 ironbound preservers
  A reaper (Crypt:3)
  4 very ugly things (Vaults:4)
  10 ghouls
  5 vampire knights
  A deep elf demonologist (Elf:1)
  3 quicksilver oozes (IceCv)
  5 bunyips
  6 dire elephants
  4 eidola
  2 spark wasps (WizLab)
  5 crystal guardians
  3 blizzard demons (WizLab)
  3 deep elf death magi
  Josephine (Lair:6)
  2 eleionomae
  2 shambling mangroves (Swamp:4)
  8 jiangshi
  3 ironbound thunderhulks
  2 great orbs of eyes
  Erolcha (Orc:2)
  11 naga warriors
  A fenstrider witch zombie (Crypt:1)
  11 yaktaur captains
  A quicksilver dragon skeleton (Crypt:3)
  6 vault guards
  5 boulder beetles
  A rakshasa (D:15)
  4 peacekeepers
  3 salamander tyrants (Snake:4)
  8 ironbound frosthearts
  15 ghost crabs
  25 hydras
  A catoblepas (Lair:6)
  3 spriggan air magi (WizLab)
  13 anacondas
  2 ogre magi
  10 centaur warriors
  3 death knights
  10 two-headed ogres
  8 alligators
  A hell hog (Volcano)
  11 dancing weapons
  3 tengu warriors
  6 ironbound beastmasters
  9 vampire magi
  2 deep troll earth magi (Vaults:2)
  9 naga sharpshooters
  6 death yaks (Lair:1)
  Sonja (Lair:3)
  A spriggan berserker (Swamp:4)
  9 shock serpents
  Nergalle (Orc:2)
  A titan skeleton (Crypt:3)
  A sun demon (Abyss:2)
  2 salamander mystics (Snake:4)
  2 storm dragon zombies (Crypt:3)
  9 deep elf knights
  9 skeletal warriors
  2 sixfirhies (Abyss:2)
  A wretched star (Abyss:2)
  An iron troll (Vaults:2)
  2 flayed ghosts (Crypt:3)
  11 spriggans
  2 golden dragon zombies
  5 goliath frogs
  A shadow wraith (Crypt:2)
  38 deep trolls
  12 swamp dragons
  12 wizards
  A quicksilver dragon simulacrum (Abyss:2)
  A death drake (WizLab)
  7 bog bodies
  9 deep elf archers
  2 glowing orange brains
  5 spriggan druids
  11 naga ritualists
  An iron giant skeleton (Crypt:3)
  7 orc knights (Vaults:3)
  Pikel (D:8)
  A lindwurm (Vaults:4)
  9 ironbound convokers
  5 harpies (Vaults:1)
  5 phantasmal warriors
  3 necromancers
  A sphinx zombie (Vaults:1)
  30 deep elf pyromancers
  40 deep elf zephyrmancers
  18 mana vipers
  38 ugly things
  3 fire giant zombies
  9 orc sorcerers (Orc:2)
  2 wolf spiders
  A shadow dragon skeleton (Crypt:3)
  A manticore (shapeshifter) (Abyss:2)
  5 will-o-the-wisps
  16 salamanders
  An iron dragon zombie (Crypt:3)
  2 manticores
  A frost giant zombie (Vaults:1)
  A stone giant zombie (Crypt:3)
  2 cyclopes
  A worldbinder (Abyss:2)
  A stone giant skeleton (Crypt:3)
  42 black mambas
  10 guardian serpents
  Maurice (D:9)
  An orange demon (Abyss:2)
  A shock serpent skeleton (Crypt:3)
  4 elephants (Lair:4)
  A smoke demon (Abyss:2)
  A titan simulacrum (Crypt:3)
  12 vault sentinels
  An ice statue (IceCv)
  A torpor snail (Lair:5)
  18 cane toads
  18 naga magi
  A dire elephant skeleton (Crypt:3)
  4 apocalypse crabs
  2 kobold demonologists
  5 komodo dragons
  An unseen horror (D:13)
  48 yaktaurs
  A redback zombie (Crypt:2)
  13 freezing wraiths
  A rime drake (shapeshifter) (D:13)
  A rime drake (Lair:6)
  A very ugly thing simulacrum (IceCv)
  2 entropy weaver simulacra (IceCv)
  An ancient zyme (Abyss:2)
  A red devil (Abyss:2)
  7 trolls
  A hydra zombie (Crypt:3)
  3 meliai (D:14)
  6 tyrant leeches
  18 hornets
  A polar bear (Lair:1)
  A deep troll zombie (Vaults:1)
  2 wind drakes (WizLab)
  Prince Ribbit (D:7)
  A bloated husk (Swamp:3)
  11 blink frogs
  46 slime creatures
  An ettin zombie (Crypt:1)
  Grinder (D:6)
  An ice dragon zombie (Crypt:3)
  6 large abominations (Abyss:2)
  7 dream sheep (Lair:6)
  5 raiju (Abyss:2)
  An ettin skeleton (Crypt:1)
  A frost giant simulacrum (Vaults:1)
  3 flying skulls (Crypt:1)
  3 redbacks (Lair:6)
  4 ynoxinuls (Abyss:2)
  11 air elementals
  An alligator skeleton (Crypt:1)
  9 wyverns (Lair:6)
  10 wraiths
  32 yaks
  A water elemental (Elf:2)
  13 vampires
  9 basilisks
  2 shadows
  A fire elemental (Elf:2)
  A steam dragon (Lair:2)
  A chaos spawn (Abyss:2)
  9 humans (D:13)
  19 vampire mosquitoes
  2 wargs
  14 swamp worms
  6 demonic crawler simulacra (IceCv)
  4 small abominations
  An acid dragon (D:13)
  58 nagas
  2 ogre zombies
  30 water moccasins
  3 sky beasts
  A hornet zombie (D:7)
  A water nymph skeleton (Crypt:3)
  12 orc warriors
  A merfolk skeleton (Crypt:2)
  An ice beast (D:7)
  A cane toad skeleton (Crypt:1)
  An ice beast (shapeshifter) (D:15)
  8 swamp drakes
  8 ogres
  4 necrophages
  25 wolves
  A dream sheep skeleton (Crypt:2)
  A blink frog skeleton (Crypt:1)
  2 centaurs
  A lindwurm skeleton (Crypt:3)
  A snapping turtle skeleton (Crypt:3)
  A human skeleton (Vaults:1)
  2 lemures (D:8)
  A hog skeleton (Crypt:1)
  3 kobold brigands
  13 bullfrogs
  2 human zombies (Vaults:1)
  A gnoll sergeant (D:11)
  A scorpion (D:5)
  2 glowing shapeshifter simulacra (IceCv)
  A cyclops zombie (Crypt:1)
  5 earth elementals
  A water moccasin zombie (D:7)
  11 wights
  9 killer bees
  A yak skeleton (Crypt:1)
  A vampire bat (D:3)
  2 electric eels (D:9)
  4 centaur zombies
  3 jellies (Lair:6)
  12 orc priests
  6 hounds
  A bullfrog skeleton (D:7)
  A gnoll shaman (D:4)
  A centaur skeleton (D:7)
  36 orc wizards
  5 iguanas
  5 hell rats (Lair:2)
  A naga zombie (Crypt:2)
  An acid dragon zombie (Crypt:1)
  A hound zombie (D:5)
  An ogre skeleton (Crypt:1)
  A dwarf skeleton (Crypt:1)
  A hound skeleton (D:4)
  3 howler monkey zombies
  13 gnolls
  A howler monkey skeleton (D:5)
  4 adders
  A shadow imp (D:5)
  2 ufetubi
  An adder zombie (D:5)
  An iguana zombie (Crypt:2)
  An adder skeleton (D:4)
  A lava snake skeleton (Crypt:3)
  3 worms
  A dart slug (D:2)
  5 fire bats
  58 orcs
  2 spectral bats (D:3)
  16 bats
  3 bat skeletons (D:3)
  A bat zombie (D:3)
  6 endoplasms
  A giant cockroach (D:1)
  7 goblins
  7 hobgoblins
  10 jackals
  21 kobolds
  4 quokkas
  A ball python (D:2)
  A bat simulacrum (D:3)
  A jackal skeleton (Crypt:3)
  A kobold zombie (Crypt:3)
  7 rats
  2 briar patches (Swamp:2)
  2 starspawn tentacles (Abyss:2)
1649 creatures vanquished.

Vanquished Creatures (collateral kills)
  An orc priest (D:4)
  An adder (D:2)
  2 gnolls (D:2)
  A giant cockroach (D:2)
  A quokka (D:2)
  A frilled lizard (D:2)
7 creatures vanquished.

Vanquished Creatures (others)
  An eldritch tentacle (Snake:3)
  A hydra (Swamp:4)
  A shock serpent (WizLab)
  A naga sharpshooter (Snake:4)
  A deep elf knight (Elf:2)
  A spriggan druid (Swamp:3)
  An ugly thing (D:11)
  An entropy weaver simulacrum (IceCv)
  2 bloated husks (Swamp:3)
  A hornet (Swamp:1)
  A naga (Snake:4)
  An ugly thing simulacrum (IceCv)
  An orc wizard (Orc:2)
  An orc (D:4)
  34 foxfires
  29 fungi
  A lurking horror (Abyss:2)
  71 plants
  9 withered plants (Crypt:3)
159 creatures vanquished.

Grand Total: 1815 creatures vanquished

Notes
Turn   | Place    | Note
-------+----------+-------------------------------------------
     0 | D:1      | Morbidden the Minotaur Fighter began the quest for the Orb.
     0 | D:1      | Reached XP level 1. HP: 19/19 MP: 0/0
    26 | D:1      | Found a faded altar of an unknown god.
   132 | D:1      | Reached XP level 2. HP: 27/27 MP: 1/1
   334 | D:1      | Reached skill level 4 in Shields
   696 | D:1      | Reached XP level 3. HP: 33/33 MP: 2/2
   778 | D:2      | Reached skill level 1 in Short Blades
  1229 | D:2      | Reached XP level 4. HP: 33/40 MP: 3/3
  1303 | D:2      | Reached skill level 1 in Dodging
  2022 | D:3      | Found a glowing golden altar of the Shining One.
  2024 | D:3      | Noticed an angel
  2036 | D:3      | Found a basalt altar of Yredelemnul.
  2038 | D:3      | Noticed a profane servitor
  2298 | D:3      | Reached XP level 5. HP: 46/46 MP: 4/4
  2659 | D:4      | Reached skill level 5 in Long Blades
  2810 | D:4      | Reached XP level 6. HP: 43/53 MP: 5/5
  3056 | D:4      | Found Meerru's Distillery.
  3066 | D:4      | Bought a potion of heal wounds for 50 gold pieces
  3420 | D:4      | Found a sparkling altar of Nemelex Xobeh.
  3715 | D:4      | Found a staircase to the Ecumenical Temple.
  3839 | D:4      | Identified the +0 helmet of Zin's Condemnation {rPois rN++
                  | Int+4 Stlth-}
  3865 | Temple   | Entered the Ecumenical Temple
  4024 | Temple   | Became a worshipper of Cheibriados the Contemplative
  4085 | D:5      | Entered Level 5 of the Dungeon
  4731 | D:5      | Reached XP level 7. HP: 60/60 MP: 6/6
  4734 | D:5      | Reached skill level 5 in Fighting
  4909 | D:5      | Identified the +4 pair of gloves "Bimusut" {Str+3 Dex+6}
  5067 | D:5      | Found a radiant altar of Vehumet.
  5078 | D:5      | Reached skill level 5 in Shields
  5078 | D:5      | Reached skill level 1 in Invocations
  5144 | D:5      | Found an iron altar of Okawaru.
  5348 | D:6      | Reached skill level 5 in Armour
  5506 | D:6      | Reached XP level 8. HP: 57/69 MP: 8/8
  5737 | D:6      | Reached * piety under Cheibriados
  5875 | D:6      | Reached skill level 5 in Short Blades
  6257 | D:6      | Noticed Grinder
  6262 | D:6      | Paralysed by Grinder for 3 turns
  6286 | D:6      | Killed Grinder
  6426 | D:7      | Noticed Prince Ribbit
  6554 | D:7      | Reached ** piety under Cheibriados
  6555 | D:7      | Reached skill level 6 in Shields
  6664 | D:7      | Reached XP level 9. HP: 74/75 MP: 10/10
  6683 | D:7      | Killed Prince Ribbit
  7093 | D:7      | Reached skill level 1 in Throwing
  7429 | D:8      | Reached *** piety under Cheibriados
  7558 | D:8      | Noticed a troll
  7580 | D:8      | Killed a troll
  7581 | D:8      | Reached XP level 10. HP: 29/86 MP: 12/12
  7588 | D:8      | Reached skill level 5 in Dodging
  8028 | D:8      | Noticed Pikel
  8043 | D:8      | Killed Pikel
  8044 | D:8      | Reached skill level 7 in Shields
  8063 | D:8      | You fall into a shaft and drop 3 floors!
  8069 | D:11     | Killed a brown ugly thing
  8639 | D:11     | Noticed a cyclops
  8649 | D:11     | Killed a cyclops
  8712 | D:11     | Reached skill level 8 in Shields
  8767 | D:11     | Found a runed translucent gate.
  8767 | D:11     | Found a runed translucent gate.
  8767 | D:11     | Found a runed translucent gate.
  8768 | D:11     | Noticed a minotaur
  8768 | D:11     | Noticed a boulder beetle
  8772 | D:11     | Noticed xXDeathSunXx's ghost (journeyman DsFi)
  9005 | D:10     | Entered Level 10 of the Dungeon
  9181 | D:10     | Identified the +1 fustibalus of Bodily Harmony {freeze,
                  | Int+3}
  9222 | D:10     | Reached **** piety under Cheibriados
  9304 | D:10     | Noticed a deep elf pyromancer
  9317 | D:10     | Killed a deep elf pyromancer
  9740 | D:9      | Reached XP level 11. HP: 87/94 MP: 13/13
  9779 | D:9      | Found a staircase to the Lair.
 10188 | D:9      | Noticed Maurice
 10201 | D:9      | Killed Maurice
 10202 | D:9      | Reached skill level 5 in Invocations
 10439 | D:9      | Reached skill level 9 in Shields
 10679 | D:8      | Found a burning altar of Makhleb.
 10725 | D:8      | Found a shimmering blue altar of Sif Muna.
 10783 | D:8      | Noticed a two-headed ogre
 10792 | D:8      | Killed a two-headed ogre
 11324 | Lair:1   | Entered Level 1 of the Lair of Beasts
 11425 | Lair:1   | Reached ***** piety under Cheibriados
 11901 | Lair:1   | Noticed a death yak
 11901 | Lair:1   | Noticed a death yak
 11911 | Lair:1   | Killed a death yak
 11929 | Lair:1   | Killed a death yak
 12051 | Lair:1   | Reached skill level 10 in Shields
 12092 | Lair:1   | Noticed a death yak
 12093 | Lair:1   | Noticed a death yak
 12093 | Lair:1   | Noticed a death yak
 12094 | Lair:1   | Noticed a death yak
 12125 | Lair:1   | Killed a death yak
 12130 | Lair:1   | Killed a death yak
 12146 | Lair:1   | Killed a death yak
 12157 | Lair:1   | Killed a death yak
 12158 | Lair:1   | Reached XP level 12. HP: 96/104 MP: 15/15
 12231 | Lair:1   | Learned a level 1 spell: Magic Dart
 13279 | Lair:2   | Reached skill level 1 in Spellcasting
 14055 | Lair:3   | Noticed an eight-headed hydra
 14058 | Lair:3   | Killed a seven-headed hydra
 14059 | Lair:3   | Reached skill level 10 in Short Blades
 14059 | Lair:3   | Reached skill level 10 in Long Blades
 14059 | Lair:3   | Reached skill level 1 in Conjurations
 14059 | Lair:3   | Noticed Gastronok
 14079 | Lair:3   | Killed Gastronok
 14080 | Lair:3   | Reached skill level 10 in Armour
 14080 | Lair:3   | Reached skill level 1 in Stealth
 14080 | Lair:3   | Reached skill level 11 in Shields
 14164 | Lair:3   | Noticed Rupert
 14309 | Lair:3   | Reached ****** piety under Cheibriados
 14381 | Lair:3   | Found a staircase to the Snake Pit.
 14639 | Lair:3   | Found a staircase to the Swamp.
 14639 | Lair:3   | Noticed Sonja
 14647 | Lair:3   | Killed Sonja
 14808 | Lair:3   | Killed Rupert
 14809 | Lair:3   | Reached XP level 13. HP: 27/113 MP: 17/17
 15541 | Snake:1  | Entered Level 1 of the Snake Pit
 15549 | Lair:3   | Reached skill level 10 in Fighting
 17059 | Lair:6   | Entered Level 6 of the Lair of Beasts
 17554 | Lair:6   | Reached skill level 12 in Shields
 17762 | Lair:6   | Reached XP level 14. HP: 115/122 MP: 19/19
 17935 | Lair:6   | Noticed Josephine
 17951 | Lair:6   | Killed Josephine
 18152 | Lair:6   | Found a staircase to the Slime Pits.
 18218 | Lair:6   | Identified the +3 morningstar "Uxy Kiki" {venom, SInv}
 18531 | Lair:6   | Upgraded the game from 0.27-a0-1200-g94dc6ad4cf to
                  | 0.27-a0-1202-ge72e49191c
 18984 | D:12     | You fall into a shaft and drop 1 floor!
 19174 | D:13     | Learned a level 3 spell: Vampiric Draining
 19388 | D:13     | Found a gate to the Vaults.
 20114 | D:14     | Reached skill level 1 in Necromancy
 20595 | D:14     | Reached skill level 1 in Evocations
 21317 | D:15     | Entered Level 15 of the Dungeon
 21477 | D:15     | Reached skill level 13 in Shields
 21477 | D:15     | Reached XP level 15. HP: 130/130 MP: 20/20
 21996 | D:15     | Found a staircase to the Depths.
 22336 | D:12     | Found a staircase to the Orcish Mines.
 22981 | D:12     | Found Jaokk's Assorted Antiques.
 22984 | D:12     | Bought a scroll of blinking for 232 gold pieces
 22984 | D:12     | Bought a bubbling black potion for 27 gold pieces
 23082 | Orc:1    | Entered Level 1 of the Orcish Mines
 23100 | Orc:1    | Found a frozen archway.
 23110 | IceCv    | Entered an ice cave
 23136 | IceCv    | Reached skill level 10 in Dodging
 23227 | IceCv    | Identified the ring of Balance {Fly Slay+4 Stlth+}
 23457 | IceCv    | Found a viscous altar of Jiyva.
 23457 | IceCv    | Noticed an azure jelly
 23464 | IceCv    | Killed an azure jelly
 23524 | IceCv    | Got the ring "Anedicy" {rF+ rC+}
 23702 | Orc:1    | Found Jocseny's Assorted Antiques.
 23849 | Orc:1    | Found Feniqud's Antique Weapon Shoppe.
 23972 | Orc:2    | Entered Level 2 of the Orcish Mines
 24001 | Orc:2    | Noticed Donald
 24017 | Orc:2    | Killed Donald
 24098 | Orc:2    | Found a runed translucent gate.
 24098 | Orc:2    | Found a runed translucent gate.
 24098 | Orc:2    | Found a runed translucent gate.
 24100 | Orc:2    | Noticed triki's ghost (journeyman GnAM)
 24113 | Orc:2    | Noticed Saint Roka
 24116 | Orc:2    | Paralysed by an orc sorcerer for 6 turns
 24140 | Orc:2    | Killed Saint Roka
 24179 | Orc:2    | Found a staircase to the Elven Halls.
 24209 | Orc:2    | Found a dark tunnel.
 24216 | Volcano  | Entered a volcano
 24841 | Orc:2    | Found Iruschuiff's Magic Scroll Emporium.
 24861 | Orc:2    | Found a radiant altar of Vehumet.
 24862 | Orc:2    | Noticed Erolcha
 24900 | Orc:2    | Cast into level 2 of the Abyss (Erolcha)
 24988 | Abyss:2  | Found a shimmering altar of Xom.
 24988 | Abyss:2  | Found a shimmering altar of Xom.
 24988 | Abyss:2  | Found a shimmering altar of Xom.
 24989 | Abyss:2  | Found a shimmering altar of Xom.
 24990 | Abyss:2  | Found a shimmering altar of Xom.
 24990 | Abyss:2  | Found a corrupted altar of Lugonu.
 24990 | Abyss:2  | Found a shimmering altar of Xom.
 24990 | Abyss:2  | Found a shimmering altar of Xom.
 24991 | Abyss:2  | Found a shimmering altar of Xom.
 24991 | Abyss:2  | Found a shimmering altar of Xom.
 25002 | Abyss:2  | Found a shimmering altar of Xom.
 25002 | Abyss:2  | Found a shimmering altar of Xom.
 25002 | Abyss:2  | Found a shimmering altar of Xom.
 25002 | Abyss:2  | Found a shimmering altar of Xom.
 25005 | Abyss:2  | Found a shimmering altar of Xom.
 25005 | Abyss:2  | Found a shimmering altar of Xom.
 25034 | Abyss:2  | Noticed a tentacled starspawn
 25047 | Abyss:2  | Killed a tentacled starspawn
 25048 | Abyss:2  | Reached XP level 16. HP: 139/139 MP: 22/22
 25080 | Abyss:2  | Noticed a tentacled starspawn
 25093 | Abyss:2  | Killed a tentacled starspawn
 25094 | Abyss:2  | Reached skill level 5 in Conjurations
 25192 | Abyss:2  | Noticed a tentacled starspawn
 25197 | Orc:2    | Escaped the Abyss
 25200 | Orc:2    | Killed Erolcha
 25242 | Orc:2    | Found Cisaqy's Book Emporium.
 25250 | Orc:2    | Noticed Nergalle
 25280 | Orc:2    | Killed Nergalle
 25283 | Orc:2    | Found an ancient bone altar of Kikubaaqudgha.
 25660 | Orc:2    | Found Dipefici's Jewellery Emporium.
 25661 | Orc:2    | Found Ymexkey's Antique Armour Shoppe.
 25719 | Orc:2    | Bought the amulet of Vitality {Regen+ HP+15} for 1343 gold
                  | pieces
 25719 | Orc:2    | Found the amulet of Vitality {Regen+ HP+15}
 25832 | Orc:2    | Bought a scroll of summoning for 161 gold pieces
 25832 | Orc:2    | Bought a scroll of teleportation for 51 gold pieces
 25832 | Orc:2    | Bought a scroll of teleportation for 51 gold pieces
 25832 | Orc:2    | Bought a scroll of teleportation for 51 gold pieces
 25832 | Orc:2    | Bought 3 scrolls of blinking for 382 gold pieces
 25832 | Orc:2    | Bought a scroll of magic mapping for 59 gold pieces
 25832 | Orc:2    | Bought a scroll of magic mapping for 59 gold pieces
 25832 | Orc:2    | Bought a scroll of magic mapping for 59 gold pieces
 26204 | Snake:1  | Noticed Agnes
 26214 | Snake:1  | Killed Agnes
 26238 | Snake:1  | Noticed passata's ghost (adept FoFi)
 26250 | Snake:1  | Found a runed translucent gate.
 26250 | Snake:1  | Found a runed translucent gate.
 26250 | Snake:1  | Found a runed translucent gate.
 26702 | Snake:1  | Reached skill level 14 in Shields
 27077 | Snake:2  | Noticed Louise
 27106 | Snake:2  | Killed Louise
 27466 | Snake:2  | Found Jixzaf's Book Boutique.
 28472 | Snake:3  | Identified a scroll of acquirement
 28472 | Snake:3  | Acquired a +2 double sword of holy wrath
 28618 | Snake:3  | Reached skill level 5 in Spellcasting
 28745 | Snake:3  | Reached skill level 10 in Invocations
 29163 | Snake:3  | Reached XP level 17. HP: 148/148 MP: 23/23
 29164 | Snake:3  | Identified the +2 robe "Afinil" {Int+5}
 29439 | Snake:4  | Entered Level 4 of the Snake Pit
 29514 | Snake:4  | Found Oda Ceg's Distillery.
 29986 | Swamp:1  | Entered Level 1 of the Swamp
 30033 | Swamp:1  | Identified the +2 robe of Joadius {Int+5}
 31528 | Swamp:3  | Reached skill level 5 in Evocations
 31651 | Swamp:3  | Reached skill level 15 in Shields
 31820 | Swamp:3  | Found a runed translucent door.
 32631 | Swamp:3  | Identified the Tome of Floating Slavery
 32744 | Swamp:4  | Entered Level 4 of the Swamp
 32873 | Swamp:4  | Noticed Mara
 32877 | Swamp:4  | Noticed Morbidden's illusion
 33486 | Swamp:4  | Killed Mara
 33648 | Swamp:4  | Reached XP level 18. HP: 130/157 MP: 25/25
 33908 | Swamp:4  | Reached skill level 5 in Stealth
 33910 | Swamp:4  | Reached skill level 5 in Necromancy
 33970 | Swamp:4  | Got a decaying rune of Zot
 35852 | Snake:4  | Got a serpentine rune of Zot
 36248 | Vaults:1 | Entered Level 1 of the Vaults
 36341 | Vaults:1 | Reached skill level 16 in Shields
 36346 | Vaults:1 | Cast into level 2 of the Abyss (a wizard)
 36487 | Abyss:2  | Found a corrupted altar of Lugonu.
 36535 | Abyss:2  | Found a blossoming altar of Fedhas.
 36593 | Abyss:2  | Reached XP level 19. HP: 166/166 MP: 27/27
 36733 | Vaults:1 | Escaped the Abyss
 37900 | Vaults:1 | Reached skill level 15 in Long Blades
 38437 | Vaults:2 | Found Dosm's Armour Shop.
 38599 | Vaults:2 | Reached XP level 20. HP: 176/176 MP: 29/29
 38700 | Vaults:2 | Paralysed by a sphinx for 5 turns
 38936 | Vaults:2 | Found a staircase to the Crypt.
 39581 | Vaults:3 | HP: 9/191 [vault warden/+0 battleaxe (29)]
 39585 | Vaults:3 | HP: 3/191 [vault warden/+3 vorpal bardiche (8)]
 39826 | Vaults:3 | Noticed Frederick
 40154 | Vaults:3 | Killed Frederick
 40155 | Vaults:3 | Reached skill level 17 in Shields
 40303 | Vaults:3 | Reached skill level 15 in Fighting
 40478 | Vaults:3 | Noticed Jory
 40495 | Vaults:3 | Killed Jory
 40936 | Vaults:3 | Found Teidul's Armour Shop.
 41612 | Vaults:4 | Reached XP level 21. HP: 184/184 MP: 31/31
 41648 | Vaults:4 | Found Zetu's Armour Shop.
 41727 | Vaults:4 | Found a magical portal.
 41732 | WizLab   | Entered The Chambers of the Cloud Mage
 42557 | WizLab   | Identified the +0 pair of gloves "Husidigh" {rCorr Str+3
                  | Dex+3}
 42570 | WizLab   | Identified the Handbook of Flight
 42574 | WizLab   | Identified the Catalogue of Summoning and Clay
 43212 | Vaults:4 | Paralysed by a great orb of eyes for 2 turns
 44397 | Elf:1    | Entered Level 1 of the Elven Halls
 44413 | Elf:1    | Found a radiant altar of Vehumet.
 44922 | Elf:1    | Found Afiot's General Store.
 44943 | Elf:1    | Bought a scroll of blinking for 97 gold pieces
 44944 | Elf:1    | Bought the +8 demon blade "Leech" {vamp, *Rage +Rage rN+}
                  | for 1268 gold pieces
 44944 | Elf:1    | Found the +8 demon blade "Leech" {vamp, *Rage +Rage rN+}
 45048 | Elf:1    | Identified the Grimoire of Creative Attacks
 45126 | Elf:1    | Acquired 835 gold pieces
 45506 | Elf:2    | Found a runed translucent gate.
 45520 | Elf:2    | Found a runed translucent gate.
 45520 | Elf:2    | Found a runed translucent gate.
 45694 | Elf:2    | Found Jiselaga's Antique Armour Shoppe.
 45997 | Elf:3    | Entered Level 3 of the Elven Halls
 45997 | Elf:3    | Found Zaviagisk's Book Emporium.
 46855 | Crypt:1  | Entered Level 1 of the Crypt
 46887 | Crypt:1  | Reached XP level 22. HP: 194/194 MP: 33/33
 47543 | Crypt:2  | Noticed Bai Suzhen
 47731 | Crypt:2  | Reached skill level 18 in Shields
 48311 | Crypt:2  | Killed Bai Suzhen
 48793 | Crypt:3  | Entered Level 3 of the Crypt
 48820 | Crypt:3  | HP: 5/316 [something (14)]
 49161 | Crypt:3  | Identified the ring "Omireisu" {rF+ rN+}
 49297 | Crypt:3  | Found a staircase to the Tomb.
 49322 | Crypt:3  | Found the amulet of the Air {Inacc Fly rElec EV+5 RMsl}
 49372 | Crypt:3  | Found a basalt altar of Yredelemnul.
 49474 | Crypt:3  | Paralysed by a vampire knight for 6 turns
 49592 | Crypt:3  | Paralysed by something for 5 turns
 49594 | Crypt:3  | HP: 9/211 [something (2)]
 49596 | Crypt:3  | Slain by a vampire knight

Illustrated notes

Levels and vault maps discovered:
D:1:      tarquinn_simple_flora_water_c, layout_basic, basic_ecumenical_altar,
          minmay_misc_feat_alley
D:2:      wander_river, layout_loops_ring
D:3:      layout_rooms, grunt_temple_overflow_holy_war,
          corexii_leaking_fountain, chequers_jeans, goddamned_bats
D:4:      layout_basic, nemelex_xobeh_ov_fountains_minmay, temple_pool_b,
          serial_shops, shop, item_on_display_a
D:5:      layout_cave_pools, jmf_multi_god_temple, item_on_display_a
D:6:      layout_loops_ring, uniq_grinder
D:7:      layout_basic, kennysheep_generic_room_8, uniq_prince_ribbit1
D:8:      layout_loops_ring, nicolae_overflow_crystal_walls, led_sif_pool,
          minmay_misc_feat_square, uniq_pikel
D:9:      layout_basic, erik_lair_island, uniq_maurice
D:10:     layout_rooms, serial_rivers, chequers_serial_rivers_small_a,
          chequers_serial_rivers_marsh, chequers_serial_rivers_micro_b,
          chequers_serial_rivers_small_b, chequers_serial_rivers_micro_c,
          chequers_serial_rivers_small_3
D:11:     layout_roguey, maelrawn_ghost_gauntlet_escape,
          lemuel_flamethrower_hall
D:12:     layout_cave_pods, erik_orc_4, serial_shops, kennysheep_mini,
          hangedman_decor_points
D:13:     layout_basic, ximxim_vaults_locker_room
D:14:     layout_stronghold, glass_columns_c
D:15:     grunt_enter_depths_snipers, layout_cave_pools,
          minmay_misc_feat_nine_boxes
Temple:   regret_index_temple_generic_petals
Lair:1:   layout_cave_pods, grunt_megastairs_3
Lair:2:   layout_regular_city, serial_bayou_shore_a, minmay_lair_oklob_chamber
Lair:3:   layout_cave_pods, swamp_mist, guppyfry_snake_entry_garden,
          guppyfry_lair_drakes, infiniplex_staircase_pool_2,
          serial_bayou_shore_b, uniq_sonja, uniq_rupert, uniq_gastronok
Lair:4:   layout_hall_layers
Lair:5:   layout_roguey, serial_bayou_pond_d, grunt_megastairs_1
Lair:6:   hangedman_lair_tendril_chambers, layout_cave_shapes,
          minmay_slime_entry_pillars, uniq_josephine
Swamp:1:  layout_falls_marsh, evilmike_swamp_ruin_house_3, swamp_pool5
Swamp:2:  layout_basic_swamp, evilmike_swamp_ruin_house_1
Swamp:3:  gammafunk_mikee_crab_dinner, layout_basic_swamp,
          nicolae_swamp_round_clearing
Swamp:4:  swamp_basic_johnstein, layout_basic_swamp, swamp_pool1, uniq_mara
Snake:1:  layout_gridlike, gammafunk_ghost_split, lemuel_fruit_tree, uniq_agnes
Snake:2:  nrook_guardian_serpent_snake_passage, layout_chambers,
          minmay_shop_star, uniq_louise
Snake:3:  layout_misc_corridors, grunt_megastairs_5
Snake:4:  johnstein_snake_rune_scales, layout_concentric_octagons, serial_shops,
          nicolae_shop_statue_plus, serial_bayou_shore_b
Orc:1:    layout_caves, serial_shops, shop_statue, shop,
          portal_ice_cave_entry_pillars_2
Orc:2:    kennysheep_orc_mage_school, layout_caves, ebering_ghost_rock_garden,
          nicolae_volcano_entry_hallway, uniq_saint_roka, uniq_donald
Elf:1:    eino_elf_arrival_altar, layout_geoelf_octagon, serial_shops,
          nicolae_shop_trees, minmay_elf_sorcery, minivault_4,
          hangedman_elf_represent
Elf:2:    layout_loops_cross, serial_shops, shop_statue, elves_outpost_lemuel
Elf:3:    nooodl_elf_gasket, layout_gridlike, serial_shops,
          nicolae_shop_statue_plus
Vaults:1: vaults_standard_mumra_x, nicolae_vaults_angled_halls, v_misc_2,
          vaults_room_pools, nicolae_vaults_diagonal_hallway_6,
          vaults_dpeg_encased_lava, nicolae_vaults_border_crossing,
          hangedman_vaults_snaps, vaults_dpeg_diagonal,
          nicolae_vaults_big_angled_halls, vaults_dpeg_hooks,
          vaults_standard_mumra_lines, grunt_vaults_funnel,
          layout_vaults_maze_bifur
Vaults:2: minmay_crypt_entry_vampire_xt, hangedman_vaults_corner_blocks,
          hangedman_vaults_nodes, nicolae_vaults_ring_of_whatevers,
          nicolae_vaults_little_squares_1, nicolae_vaults_network_s,
          nicolae_vaults_diagonal_hallway_7, v_misc_9,
          vaults_mumra_chevron_long, hangedman_vaults_impose,
          nicolae_vaults_three_branches, layout_vaults_ring, serial_shops, shop
Vaults:3: nicolae_vaults_stairing_the_circle, v_misc_8, vaults_room_door_hall,
          nicolae_vaults_network_star, hangedman_vaults_hat, v_pattern_3,
          ontoclasm_vaults_chip, nicolae_vaults_little_squares_5,
          layout_vaults_chaotic_city, serial_shops, nicolae_shop_statue_plus,
          uniq_frederick, uniq_jory
Vaults:4: nicolae_vaults_network_periphery, v_misc_14, vaults_room_fancy_cross,
          hangedman_vaults_capsules, ontoclasm_vaults_ring_large,
          vaults_room_pools, ontoclasm_vaults_eye, layout_vaults_omnigrid,
          serial_shops, nicolae_shop_competitors_out_of_business,
          mu_enter_wizlab_1
Crypt:1:  layout_misc_corridors, moated_statue, grunt_crypt_arrival_webbed
Crypt:2:  layout_catacombs, uniq_bai_suzhen
Crypt:3:  due_elkab, layout_chaotic_city, tomb_entry_forgotten_bobbens,
          basic_altar, minmay_misc_feat_rows, minivault_25, tombwall_bobbens

Skill      XL: |  1  2  3  4  5  6  7  8  9 10 11 12 13 14 15 16 17 18 19 20 21 22 |
---------------+-------------------------------------------------------------------+-----
Shields        | 4 5 6 8 10 11 12 13 14 15 16 17 18 | 18.4
Fighting       | 4 5 6 7 8 9 10 11 12 13 14 15 16 | 16.4
Long Blades    | 3 4 5 6 7 8 9 10 11 12 13 14 15 16 | 16.2
Short Blades   | 1 2 3 4 6 7 8 9 10 11 12 13 | 13.2
Armour         | 4 5 6 8 9 10 11 12 | 12.6
Dodging        | 1 2 3 4 5 6 7 8 9 10 11 12 13 14 | 14.8
Invocations    | 1 2 4 6 7 8 9 10 11 12 13 | 13.0
Throwing       | 1 2 3 4 |  4.4
Spellcasting   | 1 2 3 4 5 6 7 8 |  8.4
Conjurations   | 1 3 4 5 6 7 8 9 |  9.2
Stealth        | 1 2 3 4 6 7 8 9 |  9.2
Necromancy     | 1 3 4 5 6 7 8 |  8.4
Evocations     | 1 2 4 5 6 7 8 9 |  9.8

Action                   |  1- 3 |  4- 6 |  7- 9 | 10-12 | 13-15 | 16-18 | 19-21 | 22-24 || total
-------------------------+-------+-------+-------+-------+-------+-------+-------+-------++-------
Melee: Long sword        |    82 |    29 |       |    32 |   683 |   918 |       |       ||  1744
       Headbutt          |    14 |    34 |   110 |   297 |   477 |   520 |   483 |   209 ||  2144
       Dagger            |       |   155 |   290 |   639 |   356 |    22 |       |       ||  1462
       Double sword      |       |       |       |       |       |   219 |   738 |       ||   957
       Demon blade       |       |       |       |       |       |    77 |   102 |   208 ||   387
       Quick blade       |       |       |       |       |       |       |   261 |   261 ||   522
Throw: Dart              |     4 |     1 |     7 |    39 |    25 |       |       |       ||    76
       Javelin           |       |       |     6 |     1 |       |       |       |       ||     7
       Throwing net      |       |       |     1 |       |       |       |       |       ||     1
       Boomerang         |       |       |       |       |     9 |    46 |    35 |       ||    90
 Cast: Magic Dart        |       |       |       |       |     5 |     5 |     1 |       ||    11
       Vampiric Draining |       |       |       |       |       |    21 |    13 |       ||    34
Invok: Slouch            |       |       |       |       |    11 |     2 |     9 |     5 ||    27
       Step From Time    |       |       |       |       |       |     1 |     1 |     3 ||     5
 Abil: Evoke Thunderclou |       |       |       |       |       |       |     4 |       ||     4
Evoke: Wand              |       |       |     1 |     6 |     5 |     5 |       |       ||    17
       Lightning rod     |       |       |       |       |     6 |     2 |       |       ||     8
       Condenser vane    |       |       |       |       |     1 |     3 |     6 |       ||    10
  Use: Potion            |       |     4 |     2 |     1 |     2 |     2 |     4 |     2 ||    17
       Scroll            |       |       |    10 |     5 |    17 |     9 |    10 |     3 ||    54
 Stab: Invisible         |       |     1 |       |     1 |       |       |       |       ||     2
       Petrifying        |       |       |       |       |     1 |       |       |       ||     1
       Petrified         |       |       |       |       |     1 |       |       |       ||     1
       Paralysed         |       |       |       |       |     2 |       |       |       ||     2
       Sleeping          |       |       |       |       |       |    21 |    35 |     8 ||    64
       Distracted        |       |       |       |       |       |     4 |     6 |     7 ||    17
Armor: Scale mail        |    41 |     6 |       |       |       |       |       |       ||    47
       Chain mail        |       |   124 |   125 |   126 |    68 |       |       |       ||   443
       Skin              |       |       |     1 |     1 |       |       |       |       ||     2
       Plate armour      |       |       |       |       |   248 |       |       |       ||   248
       Fire dragon scale |       |       |       |       |    36 |    91 |       |       ||   127
       Swamp dragon scal |       |       |       |       |       |   142 |   151 |       ||   293
       Robe              |       |       |       |       |       |       |    33 |    71 ||   104
Dodge: Dodged            |    32 |    78 |    68 |   166 |   436 |   635 |   608 |   177 ||  2200
Block: Kite shield       |    44 |   131 |   148 |   358 |   396 |       |       |       ||  1077
       Tower shield      |       |       |       |       |   765 |  1600 |  1240 |   375 ||  3980
       Rpst.: Long sword |    10 |     1 |       |     1 |    61 |    63 |       |       ||   136
       Double sword      |       |       |       |       |       |    15 |    74 |       ||    89
       Demon blade       |       |       |       |       |       |     7 |     4 |    14 ||    25

Table legend: (Time is in decaauts)
 A = Elapsed time spent in this place.
 B = Non-inter-level travel time spent in this place.
 C = Inter-level travel time spent in this place.
 D = Time resting spent in this place.
 E = Time spent auto-exploring this place.
 F = Levels seen in this place.
 G = Mean time per level.
                   A        B        C        D        E       F      G
               +--------+--------+--------+--------+--------+-----+--------+
         Total |  75238 |  69366 |   5872 |   5321 |  50369 |  47 | 1600.8 |
       Dungeon |  22048 |  20072 |   1976 |   1382 |  15815 |  15 | 1469.9 |
        Temple |    194 |    151 |     43 |      0 |    145 |   1 |  194.0 |
          Lair |  12145 |  10854 |   1291 |    177 |   9306 |   6 | 2024.2 |
         Swamp |   6267 |   5937 |    330 |   1205 |   3527 |   4 | 1566.8 |
     Snake Pit |   8756 |   7965 |    791 |   1008 |   5355 |   4 | 2189.0 |
  Orcish Mines |   3294 |   2999 |    295 |     13 |   2118 |   2 | 1647.0 |
   Elven Halls |   3834 |   3552 |    282 |     36 |   2546 |   3 | 1278.0 |
        Vaults |  10789 |  10007 |    782 |    776 |   7191 |   4 | 2697.2 |
         Crypt |   4323 |   4245 |     78 |    226 |   3005 |   3 | 1441.0 |
         Abyss |   1069 |   1069 |      0 |      0 |    671 |   2 |  534.5 |
      Ice Cave |    815 |    815 |      0 |     31 |    336 |   1 |  815.0 |
       Volcano |    415 |    415 |      0 |     57 |     79 |   1 |  415.0 |
        Wizlab |   1282 |   1282 |      0 |    409 |    273 |   1 | 1282.0 |
               +--------+--------+--------+--------+--------+-----+--------+

Top non-repeatable levels by time:
  Lair:3: 3021 daAuts
Vaults:3: 2981 daAuts
Vaults:4: 2826 daAuts
 Swamp:3: 2678 daAuts
Vaults:2: 2536 daAuts
   Orc:2: 2482 daAuts
    D:14: 2469 daAuts
 Snake:2: 2461 daAuts
Vaults:1: 2446 daAuts
 Snake:4: 2371 daAuts
  Lair:6: 2276 daAuts
 Crypt:2: 2246 daAuts
    D:13: 2166 daAuts
 Snake:3: 2162 daAuts
  Lair:1: 2126 daAuts
